 Dungeon Crawl Stone Soup version 0.31-a0-986-g5e6e4ef867 (webtiles) character file.

Game seed: 9886244194426617002

411 Danienth the Ruffian (level 6, -1/62 HPs)
             Began as a Troll Berserker on Nov 12, 2023.
             Was a Priest of Trog.
             Slain by a wyvern (12 damage)
             ... on level 4 of the Dungeon.
             The game lasted 00:06:45 (2690 turns).

Danienth the Ruffian (Troll Berserker)              Turns: 2690, Time: 00:06:45

Health: -1/62      AC:  4    Str: 26    XL:     6   Next: 58%
Magic:  5/5        EV: 10    Int:  5    God:    Trog [***...]
Gold:   159        SH:  0    Dex:  9    Spells: 5/5 levels left

rFire   . .          .
                       - Unarmed
rCold   . . .        (no shield)
rNeg    . . .        a - +0 animal skin
rPois   .            (helmet restricted)
rElec   .            (no cloak)
rCorr   .            (gloves unavailable)
SInv    .            (boots unavailable)
Will    ++...        (no amulet)
Stlth   +            l - ring of flight
HPRegen 2.10/turn    (no ring)
MPRegen 0.09/turn

%: no passive effects
@: strong-willed, flying, regenerating
A: large, unfitting armour, claws 3, regeneration 1, shaggy fur 1, tough skin 1
a: Renounce Religion, Berserk, Trog's Hand


You were on level 4 of the Dungeon.
You worshipped Trog.
Trog was most pleased with you.
You visited 1 branch of the dungeon, and saw 4 of its levels.

You collected 159 gold pieces.

Inventory:

Missiles
 e - 9 atropa-tipped darts (quivered)
 o - 9 poisoned darts
Armour
 a - a +0 animal skin (worn)
Jewellery
 l - a ring of flight (left claw)
Wands
 c - a wand of paralysis (9)
Scrolls
 b - a scroll of poison
 f - a scroll of torment {unknown}
 g - a scroll of brand weapon
 h - 2 scrolls of teleportation
 i - a scroll of blinking {unknown}
 k - 2 scrolls of identify {unknown}
 n - 2 scrolls of vulnerability {unknown}
 p - a scroll of noise {unknown}
 r - a scroll of immolation {unknown}
Potions
 d - 2 potions of curing {unknown}
 j - a potion of heal wounds {unknown}
 m - a potion of enlightenment {unknown}
 q - a potion of lignification {unknown}


   Skills:
 + Level 4.0 Fighting
 - Level 2.4 Dodging
 * Level 6.3 Unarmed Combat


You had 5 spell levels left.
You didn't know any spells.
Your spell library was empty.

Dungeon Overview and Level Annotations

Branches:
Dungeon (4/15)             Temple (0/1) D:4

Altars:
Makhleb


Innate Abilities, Weirdness & Mutations

You are too large for most types of armour.
You have claws for hands.
Your natural rate of healing is unusually fast.
You are covered in fur. (AC +1)
You have tough skin. (AC +1)


Message History

There is an open door here.
There is an open door here.
There is an open door here.
You reach down and open the door.
There is an open door here.
Found a sling.
A wyvern comes into view.
The wyvern hisses angrily.
The wyvern hisses menacingly.
The wyvern bites you!
You closely miss the wyvern. The wyvern closely misses you.
The wyvern bites you!
You claw the wyvern!
The wyvern is moderately wounded.
The wyvern closely misses you.
You claw the wyvern!
The wyvern is heavily wounded.
The wyvern bites you.
You are too injured to fight recklessly!
You are too injured to fight recklessly!
You are too injured to fight recklessly!
You are too injured to fight recklessly!
Attack: -) Claws
Press: ? - help, Dir - move target, f - wyvern
Aim: a wyvern (heavily wounded, about 35% to evade your claws)
You claw the wyvern!
The wyvern is severely wounded.
The wyvern bites you. The wyvern bites you!
* * * LOW HITPOINT WARNING * * *
Attack: -) Claws
Press: ? - help, Dir - move target, f/p - wyvern
Aim: a wyvern (severely wounded, about 35% to evade your claws)
You scratch the wyvern but do no damage.
The wyvern is severely wounded.
The wyvern bites you!
* * * LOW HITPOINT WARNING * * *
Your skin crawls.
You feel strong-willed. The wyvern bites you!
You die...

.... #...........##...##
..... #...........##...##
..... #..................
......#..................
...)..#'####......##.....
#.....##......##.....
#.....#..............
#.^...#.......##...##
+...@.#.......#######
#...l.#..............
#.....#..............
#.....#.......##.....
#......#.......##.....
#......#..............
#......#....†.........
#......#.......##.....
#.......##....#


You could see a wyvern.

Vanquished Creatures
  Grinder (D:3)
  A hound (D:4)
  Terence (D:3)
  Ijyb (D:3)
  4 adders
  3 worms (D:3)
  2 dart slugs
  An orc (D:3)
  4 ball pythons
  4 bats
  8 endoplasms
  A giant cockroach (D:1)
  13 goblins
  10 hobgoblins
  7 jackals
  4 quokkas
  8 frilled lizards
  12 kobolds
  6 rats
91 creatures vanquished.

Notes
Turn   | Place    | Note
-------+----------+-------------------------------------------
     0 | D:1      | Danienth the Troll Berserker began the quest for the Orb.
     0 | D:1      | Reached XP level 1. HP: 22/22 MP: 0/0
    60 | D:1      | Reached XP level 2. HP: 29/29 MP: 1/1
   249 | D:1      | Reached ** piety under Trog
   350 | D:1      | Reached XP level 3. HP: 36/36 MP: 2/2
   512 | D:2      | Reached skill level 4 in Unarmed Combat
   756 | D:2      | Reached XP level 4. HP: 45/45 MP: 3/3
  1487 | D:3      | Reached *** piety under Trog
  1525 | D:3      | Found a burning altar of Makhleb.
  1567 | D:3      | Noticed Grinder
  1584 | D:3      | Killed Grinder
  1585 | D:3      | Reached skill level 5 in Unarmed Combat
  1585 | D:3      | Reached XP level 5. HP: 15/54 MP: 4/4
  1585 | D:3      | Reached XP level 6. HP: 17/62 MP: 5/5
  1671 | D:3      | Noticed Ijyb
  1679 | D:3      | Paralysed by Ijyb for 2 turns
  1697 | D:3      | Paralysed by Ijyb for 2 turns
  1700 | D:3      | Killed Ijyb
  1701 | D:3      | Reached skill level 6 in Unarmed Combat
  1791 | D:3      | Noticed Terence
  1801 | D:3      | Killed Terence
  2441 | D:4      | Found a staircase to the Ecumenical Temple.
  2681 | D:4      | Noticed a wyvern
  2690 | D:4      | Slain by a wyvern

Illustrated notes

Levels and vault maps discovered:
D:1:      minmay_arrival_stone_box, layout_rooms,
          hangedman_abyss_or_decor_lesser_grid
D:2:      layout_loops_ring, serial_bayou, serial_bayou_lake_a,
          serial_bayou_pond_b, serial_bayou_crossing, serial_bayou_shore_a,
          st_stairs_14, kennysheep_generic_room_5
D:3:      layout_basic, old_standard_altar, uniq_terence, uniq_grinder,
          uniq_ijyb
D:4:      layout_gridville, minmay_temple_entry_glassed_door

Skill      XL: |  1  2  3  4  5  6 |
---------------+-------------------+-----
Unarmed Combat | 4 5 6 |  6.3
Fighting       | 3 4 |  4.0
Dodging        | |  2.4

Action                     |  1- 3 |  4- 6 || total
---------------------------+-------+-------++-------
  Melee: Unarmed           |    99 |   131 ||   230
         Punch             |     5 |     4 ||     9
  Throw: Dart              |       |     3 ||     3
 Invoke: Trog's Hand       |       |     1 ||     1
    Use: Scroll            |       |     4 ||     4
 Armour: Animal skin       |    57 |    59 ||   116
  Dodge: Dodged            |    52 |    38 ||    90

Table legend: (Time is in decaauts)
 A = Elapsed time spent in this place.
 B = Non-inter-level travel time spent in this place.
 C = Inter-level travel time spent in this place.
 D = Time resting spent in this place.
 E = Time spent auto-exploring this place.
 F = Levels seen in this place.
 G = Mean time per level.
                   A        B        C        D        E       F      G
               +--------+--------+--------+--------+--------+-----+--------+
         Total |   2669 |   2580 |     89 |      0 |   2071 |   4 |  667.2 |
       Dungeon |   2669 |   2580 |     89 |      0 |   2071 |   4 |  667.2 |
               +--------+--------+--------+--------+--------+-----+--------+

Top non-repeatable levels by time:
     D:3: 922 daAuts
     D:2: 916 daAuts
     D:1: 479 daAuts
     D:4: 350 daAuts
